Cogmind - Beta 14 @@@ ROGUE MODE // 2025.03.09 @ 15:19:54 Player: w0rldd3str0y3r Result: Destroyed by G-34 Mercenary with Small Laser Performance ------------- Evolutions (1) 500 Regions Visited (4) 800 Robots Destroyed (85) 425 Value Destroyed (1724) 1724 Prototype IDs (8) 160 Alien Tech Used (0) 0 Bonus (58) 58 TOTAL SCORE: 3667 Bonus ------- High Alert Combat Kills 33 Follower Combat Kills 100 Friendly Fire -75 Cogmind --------- Core Integrity 0/400 Matter 194/300 Energy 32/125 System Corruption 5% Temperature Cool (31) Movement Walking (190) Ox1 Location -9/Mines Parts ------- > --- POWER (1) -------- Light Ion Engine > --- PROPULSION (2) --- Aluminum Leg Aluminum Leg > --- UTILITY (4) ------ Large Storage Unit Improved Terrain Scan Processor > --- WEAPON (2) ------- Mini Grenade Launcher > --- INVENTORY (15) --- Ion Engine Ion Engine Aluminum Leg Aluminum Leg Improved Flight Unit Improved Flight Unit Improved Flight Unit Improved Flight Unit ECM Suite Light EM Pulse Cannon Rocket Launcher Rocket Launcher Mini Grenade Launcher Mace Peak State ------------ > --- POWER ------------ Ion Engine > --- PROPULSION ------- Aluminum Leg Aluminum Leg > --- UTILITY ---------- Heat Sink Large Storage Unit Experimental Sensor Array Improved Terrain Scan Processor > --- WEAPON ----------- Mini Grenade Launcher Mini Grenade Launcher > --- INVENTORY -------- Ion Engine Ion Engine Aluminum Leg Aluminum Leg Improved Flight Unit Improved Flight Unit Improved Flight Unit Improved Flight Unit ECM Suite Improved EM Shotgun Light EM Pulse Cannon Light EM Pulse Cannon Rocket Launcher Mini Grenade Launcher Mace [Rating: 24] Favorites ----------- Power Ion Engine Engine Ion Engine Propulsion Aluminum Leg Leg Aluminum Leg Utility Large Storage Unit Device Heat Sink Storage Large Storage Unit Processor Improved Terrain Scan Processor Protection Hardened Light Armor Plating Weapon Assault Rifle Energy Gun Improved EM Shotgun Energy Cannon Light EM Pulse Cannon Ballistic Gun Assault Rifle Launcher Mini Grenade Launcher Build | -11 -10 -10 -9 -9 ------- Run | Yrd Mat Min Mat Min Slots Evolved 2 | . . . 2 . Power . | . . . . . Propulsion . | . . . . . Utility 2 | . . . 2 . Weapon . | . . . . . Parts Attached 67 | 7 7 6 30 17 Power 6 | 1 1 . 3 1 Engine 6 | 1 1 . 3 1 Core . | . . . . . Reactor . | . . . . . Propulsion 14 | 2 1 1 7 3 Treads . | . . . . . Leg 14 | 2 1 1 7 3 Wheel . | . . . . . Hover . | . . . . . Flight . | . . . . . Utility 13 | 2 2 1 6 2 Device 9 | 1 1 1 4 2 Storage 2 | 1 1 . . . Processor 1 | . . . 1 . Hackware . | . . . . . Protection 1 | . . . 1 . Artifact . | . . . . . Weapon 34 | 2 3 4 14 11 Energy Gun 8 | . . . 5 3 Energy Cannon 7 | . . . 5 2 Ballistic Gun 9 | 2 3 2 2 . Ballistic Cannon . | . . . . . Launcher 10 | . . 2 2 6 Special Weapon . | . . . . . Impact Weapon . | . . . . . Slashing Weapon . | . . . . . Piercing Weapon . | . . . . . Special Melee Weapon . | . . . . . Unidentified Prototypes 3 | . . . 2 1 Corrupted Parts 1 | . . . 1 . System Corruption 5 | . . . 5 . Parts Lost 10 | . . . 5 5 Power 1 | . . . . 1 Propulsion 1 | . . . 1 . Utility 4 | . . . 2 2 Weapon 4 | . . . 2 2 Highest Loss Streak 4 | . . . 4 3 To Critical Strikes . | . . . . . Average Slot Usage (%) 98 | . 99 100 99 90 Engine 11 | . 14 14 10 10 Leg 24 | . 28 28 21 21 Device 17 | . 13 14 22 14 Storage 12 | . 14 14 11 11 Processor 3 | . . . 2 11 Protection 3 | . . . 8 . Energy Gun 4 | . . . 9 4 Energy Cannon 4 | . . . 7 4 Ballistic Gun 12 | . 28 28 5 . Launcher 2 | . . . . 12 Peak Build Rating 24 | 7 8 10 18 24 Average Rating 12 | 4 7 8 15 15 On Entrance 8 | . 7 8 10 18 Naked Turns . | . . . . . Heaviest Build 40 | 12 30 30 40 34 Greatest Support 20 | 20 20 20 20 20 Greatest Overweight (x) 3 | . 1 1 3 2 Average Overweight (x) . | . . 1 1 1 Largest Inventory Capacity 15 | 8 15 15 15 15 Average Capacity 13 | 7 8 15 15 15 Most Carried 15 | 4 11 15 15 15 Average Carried 13 | 2 7 14 14 14 Final Capacity 15 | 8 15 15 15 15 Final Carried 15 | 4 11 15 15 14 Class Distribution -------------------- 56% | Scavenger-Mutant 43% | Mutant Dominant Class ---------------- Mutant | -10/Materials Mutant | -10/Mines Scavenger-Mutant | -9/Materials Scavenger-Mutant | -9/Mines Resources | -11 -10 -10 -9 -9 ----------- Run | Yrd Mat Min Mat Min Matter Collected 1477 | 274 235 188 535 245 Remotely . | . . . . . Salvage Created 2519 | 28 570 125 1531 265 Parts 193 | 4 46 15 99 29 Haulers Intercepted 7 | . 2 . 5 . Recyclers Shooed 9 | . . . 8 1 Parts Field Recycled . | . . . . . Retrieved Matter . | . . . . . Parts Self-Destructed . | . . . . . Prevented . | . . . . . Kills | -11 -10 -10 -9 -9 ------- Run | Yrd Mat Min Mat Min Combat Hostiles Destroyed 56 | . 11 7 22 16 Guns 22 | . 11 3 8 . Cannons 7 | . . . 6 1 AOE 26 | . . 4 7 15 Classes Destroyed 13 | 1 6 1 5 . Worker 3 | . . 1 1 1 Builder 3 | . 1 . 2 . Tunneler 1 | 1 . . . . Hauler 7 | . 2 . 5 . Recycler 5 | . . . 5 . Mechanic 2 | . . . 2 . Operator 2 | . 1 . 1 . Watcher 6 | . 2 . 4 . Swarmer 23 | . 2 5 8 8 Grunt 24 | . 9 2 7 6 Brawler 1 | . . . 1 . Duelist 3 | . . . 1 2 Sentry 5 | . . . 5 . Best Kill Streak 6 | 1 3 3 6 4 Combat Bots Only 4 | . 2 3 4 4 Max Kills in Single Turn 4 | 1 2 3 4 3 Gunslinging 1 | . 1 . . . Exploded 3 | . . 3 3 3 Melee . | . . . . . Uniques/NPCs Destroyed . | . . . . . Combat | -11 -10 -10 -9 -9 -------- Run | Yrd Mat Min Mat Min Hostile Shots Fired 164 | . 34 21 78 31 Missed 44 | . 9 5 19 11 Damage Taken 1933 | . 286 182 889 576 Core 538 | . 65 68 177 228 Absorbed by Shields . | . . . . . Core Remaining (%) 73 | 100 . 46 . . Volleys Fired 173 | 3 44 12 92 22 Largest 2 | 2 2 2 2 2 Hottest 130 | 40 40 40 130 101 Shots Fired 322 | 6 88 22 172 34 Gun 248 | 6 88 20 128 6 Cannon 46 | . . . 36 10 Launcher 28 | . . 2 8 18 Special . | . . . . . Kinetic 162 | 6 88 20 48 . Thermal 38 | . . . 38 . Explosive 28 | . . 2 8 18 Electromagnetic 94 | . . . 78 16 Robot Hit Streak 11 | 1 9 4 11 6 Robot Miss Streak 4 | 1 2 4 3 2 Penetration Max . | . . . . . Secondary Targets 1 | . 1 . . . Max Gunslinging Chain 1 | . 1 . . . Shots Hit Robots 199 | 3 60 10 109 17 Core Hits 136 | 2 31 12 64 27 Critical Kills . | . . . . . Critical Parts Destroyed 1 | . . 1 . . Critical Strikes 3 | . . 1 2 . Burn 1 | . . . 1 . Destroy 1 | . . 1 . . Corrupt 1 | . . . 1 . Melee Attacks . | . . . . . Impact . | . . . . . Slashing . | . . . . . Piercing . | . . . . . Sneak Attacks . | . . . . . Combat Hostiles . | . . . . . Follow-up Attacks . | . . . . . Damage Inflicted 4987 | 52 730 289 2681 1235 Guns 2186 | 49 724 121 1265 27 Cannons 592 | . . . 506 86 Explosions 2148 | . . 166 871 1111 Melee . | . . . . . Ramming 61 | 3 6 2 39 11 Kinetic 1228 | 49 724 121 334 . Thermal 682 | . . . 682 . Explosive 1832 | . . 166 555 1111 Electromagnetic 1184 | . . . 1071 113 Impact . | . . . . . Slashing . | . . . . . Piercing . | . . . . . Highest Corruption 5 | . . . 5 5 Average Corruption 5 | . . . 5 5 Corruption Purged . | . . . . . Corruption Blocked . | . . . . . Effects 37 | . . . 6 31 Message Errors 10 | . . . 2 8 Matter Fused 6 | . . . 3 3 Heat Flow Errors 5 | . . . . 5 Energy Discharges 4 | . . . 1 3 Data Loss (minor) 8 | . . . . 8 Data Loss (major) 1 | . . . . 1 Misfires 3 | . . . . 3 Overload Shots . | . . . . . Overflow Damage 52 | . . . 16 36 Projectiles . | . . . . . Explosions 52 | . . . 16 36 Melee . | . . . . . Knockbacks . | . . . . . Impact . | . . . . . Kinetic . | . . . . . Secondary . | . . . . . Self-Inflicted Damage 392 | . . 7 95 290 Shots 14 | . . 1 4 9 Rammed . | . . . . . Targets Rammed 12 | 2 2 1 6 1 Kicked 12 | 2 2 1 6 1 Crushed . | . . . . . Highest Temperature 385 | . 36 4 385 211 Average Temperature 68 | . 11 2 75 71 Received Heat Transfer 453 | . 159 54 174 66 Siege Activations . | . . . . . Robots Corrupted . | . . . . . Combat Hostiles . | . . . . . Parts Fried 6 | . . . 6 . Impact Corruptions . | . . . . . Robots Melted 1 | . . . 1 . Combat Hostiles 1 | . . . 1 . Parts Melted 3 | . . . 3 . Heat Transferred 1362 | . . . 1362 . Parts Sabotaged . | . . . . . Parts Stolen . | . . . . . Parts Stripped . | . . . . . Power Chain Reactions 5 | . . . 5 . Alert | -11 -10 -10 -9 -9 ------- Run | Yrd Mat Min Mat Min Peak Influence 552 | 5 230 293 323 552 Initial 125 | . 3 57 . 125 Average 183 | . 100 156 171 338 Maximum Alert Level 2 | . 1 1 1 2 Low Security (%) 57 | 100 93 68 60 . Level 1 39 | . 6 31 39 82 Level 2 3 | . . . . 16 Level 3 . | . . . . . Level 4 . | . . . . . Level 5 . | . . . . . High Security . | . . . . . Max Security . | . . . . . Squads Dispatched 10 | . 4 . 6 . Investigation 6 | . 2 . 4 . Extermination . | . . . . . Reinforcement 4 | . 2 . 2 . Assault . | . . . . . Garrison . | . . . . . Intercept . | . . . . . Searches Triggered . | . . . . . Construction Impeded 2 | . . . 2 . Haulers Reinforced . | . . . . . Active Scanning Responses . | . . . . . Cargo Convoy Interrupts . | . . . . . Stealth | -11 -10 -10 -9 -9 --------- Run | Yrd Mat Min Mat Min Distress Signals 5 | . 3 . 2 . Communications Jammed . | . . . . . Distress Signals . | . . . . . Times Spotted 83 | . 28 9 32 14 Peak Tracking Total 4 | . 4 3 4 4 Tactical Retreats 10 | . 4 2 4 . Traps | -11 -10 -10 -9 -9 ------- Run | Yrd Mat Min Mat Min Traps Triggered 2 | . . . 2 . Indirectly . | . . . . . Trap Hack Attempts . | . . . . . Triggered . | . . . . . Disarmed . | . . . . . Reprogrammed . | . . . . . Reused 1 | . . 1 . . Traps Extracted . | . . . . . Installed 1 | . . 1 . . Triggered 1 | . . 1 . . Most Traps Carried 1 | . . 1 1 . Machines | -11 -10 -10 -9 -9 ---------- Run | Yrd Mat Min Mat Min Machines Disabled 3 | . . . 2 1 Max in Single Turn 1 | . . . 1 1 Machines Repaired . | . . . . . Machines Dismantled . | . . . . . Machines Sabotaged . | . . . . . Overloaded Fab Kills . | . . . . . Hacking | -11 -10 -10 -9 -9 --------- Run | Yrd Mat Min Mat Min Machines Accessed 13 | . 4 . 9 . Terminals 11 | . 4 . 7 . Fabricators . | . . . . . Repair Stations . | . . . . . Recycling Units 1 | . . . 1 . Scanalyzers 1 | . . . 1 . Garrison Access . | . . . . . Total Hacks 37 | . 12 . 25 . Successful 19 | . 7 . 12 . Failed 18 | . 5 . 13 . Catastrophic 3 | . . . 3 . Database Lockouts . | . . . . . Manual 15 | . 3 . 12 . Terminals 33 | . 12 . 21 . Fabricators . | . . . . . Repair Stations . | . . . . . Recycling Units 2 | . . . 2 . Scanalyzers 2 | . . . 2 . Garrison Access . | . . . . . Terminal Hacks 14 | . 7 . 7 . Prototype ID Bank 5 | . 3 . 2 . Branch Access Points 1 | . 1 . . . Terminal Index 1 | . . . 1 . Hauler Manifests 1 | . . . 1 . Zone Layout 6 | . 3 . 3 . Fabricator Hacks . | . . . . . Repair Station Hacks . | . . . . . Recycling Unit Hacks . | . . . . . Scanalyzer 2 | . . . 2 . Insert Component 1 | . . . 1 . Analyze 1 | . . . 1 . Garrison Access Hacks . | . . . . . Unauthorized Hacks 3 | . . . 3 . Terminals 3 | . . . 3 . Assimilate 1 | . . . 1 . Operators 2 | . . . 2 . Fabricators . | . . . . . Repair Stations . | . . . . . Recycling Units . | . . . . . Scanalyzers . | . . . . . Garrison Access . | . . . . . Data Cores Recovered . | . . . . . Used . | . . . . . Hacking Detections 12 | . 4 . 8 . Full Trace Events 6 | . 2 . 4 . Feedback Events . | . . . . . Feedback Blocked . | . . . . . Robot Schematics Acquired . | . . . . . Robots Built . | . . . . . Authchips . | . . . . . Time . | . . . . . Total Robot Build Rating . | . . . . . Part Schematics Acquired 1 | . . . 1 . Parts Built . | . . . . . Authchips . | . . . . . Time . | . . . . . Total Part Build Rating . | . . . . . Parts Repaired . | . . . . . Time . | . . . . . Parts Recycled . | . . . . . Recycled Matter . | . . . . . Retrieved Matter . | . . . . . Retrieved Components . | . . . . . Parts Scanalyzed 1 | . . . 1 . Part Schematics Acquired 1 | . . . 1 . Parts Damaged . | . . . . . Bothacking | -11 -10 -10 -9 -9 ------------ Run | Yrd Mat Min Mat Min Used RIF Installer . | . . . . . Robots Hacked . | . . . . . Non-combat . | . . . . . Combat . | . . . . . Robot Hacks Applied . | . . . . . Relay Couplers Released . | . . . . . Fabnet Peak Effective % . | . . . . . Robots Rewired 1 | . . . 1 . Allies Hacked . | . . . . . Hacks Repelled . | . . . . . Allies | -11 -10 -10 -9 -9 -------- Run | Yrd Mat Min Mat Min Total Allies 5 | . . 3 2 . Largest Group 3 | . . 3 3 . Highest-Rated Group 40 | . . 40 40 . Highest-Rated Ally 16 | . . 16 16 . Total Orders 2 | . . . 2 . STAY 1 | . . . 1 . FOLLOW 1 | . . . 1 . Ally Attacks 37 | . . 2 35 . Total Damage 417 | . . 28 389 . Kills 6 | . . 1 5 . Allies Corrupted . | . . . . . Allies Melted . | . . . . . Intel | -11 -10 -10 -9 -9 ------- Run | Yrd Mat Min Mat Min Robot Analysis Total . | . . . . . Derelict Logs Recovered 2 | . . 1 . 1 Drone Launches . | . . . . . Drone Recoveries . | . . . . . Exploration | -11 -10 -10 -9 -9 ------------- Run | Yrd Mat Min Mat Min Turns Passed 5437 | 96 1074 915 2330 1022 Spaces Moved 2582 | 61 586 438 1009 488 Core 3 | 3 . . . . Treads . | . . . . . Legs 2579 | 58 586 438 1009 488 Wheels . | . . . . . Hover . | . . . . . Flight . | . . . . . Fastest Speed 50 | 50 120 190 190 190 Average Speed 174 | 116 126 190 190 191 Slowest Speed 330 | 120 190 190 330 260 Overloaded Moves . | . . . . . Propulsion Burnouts . | . . . . . Robots Hopped . | . . . . . Cave-ins Triggered . | . . . . . Exploration Rate (%) 61 | 5 70 88 65 81 Regions Visited 4 Branch Regions 2 Pre-discovered Areas 1 | . . 1 . . Known Exits Taken 1 | . 1 . . . Unknown Exits Taken 3 | 1 . 1 1 . Scrap Searched 3 | . . 1 . 2 Spaces Dug 37 | . . . . 37 Terrain Destroyed 241 | . . 16 56 169 Melee . | . . . . . Projectile . | . . . . . AOE 241 | . . 16 56 169 Terrain Rammed . | . . . . . Walls Destroyed . | . . . . . Machines Disabled . | . . . . . Actions | -11 -10 -10 -9 -9 --------- Run | Yrd Mat Min Mat Min Total 3201 | 76 839 498 1245 543 Wait 275 | . 183 31 57 4 Move 2578 | 60 585 437 1008 488 Hop . | . . . . . Pick Up 42 | 4 10 6 19 3 Fast Attach 29 | 7 3 1 12 6 Attach 14 | . 1 . 9 4 Detach 2 | . . . 2 . Swap 24 | . 3 5 9 7 Drop 46 | . 8 4 26 8 Fire 173 | 3 44 12 92 22 Melee . | . . . . . Ram . | . . . . . Kick 12 | 2 2 1 6 1 Crush . | . . . . . Escape Stasis . | . . . . . Rewire 5 | . . . 5 . Trap 1 | . . 1 . . Miscellaneous . | . . . . . Route ------- -11/Scrapyard -10/Materials (discovered 2 exits: *Mat / *Min) -10/Mines -9/Materials (discovered 3 exits: [*Mat x2] / [*Min]) -9/Mines (discovered 2 exits: [*Mat x2]) History --------- Turn | Location | Event 6 | -11/Scrapyard | Discovered new exit (range 16) 97 | -11/Scrapyard | Entered Materials 313 | -10/Materials | Build established: Mutant 725 | -10/Materials | Discovered new exit (range 15) 918 | -10/Materials | Identified exit to Mines 1171 | -10/Materials | Entered Mines 1216 | -10/Mines | Core integrity fell below 50% 1220 | -10/Mines | Discovered new exit (range 14) 1628 | -10/Mines | Learned location of Storage (-8) 1680 | -10/Mines | Excavation squad dispatched 1680 | -10/Mines | A large section of the Mines collapsed 1693 | -10/Mines | Found a hidden stash of uninstalled traps 1796 | -10/Mines | Assisted by bots powering up and referring to "LRC-V3" 2086 | -10/Mines | Entered Materials 2086 | -9/Materials | Accompanied by 3 allies 2086 | -9/Materials | Evolved 2 slots: Utility x2 2384 | -9/Materials | Lost 3 allies 2620 | -9/Materials | Build established: Scavenger-Mutant 2969 | -9/Materials | Discovered new exit (range 9) 3619 | -9/Materials | Discovered new exit (range 15) 3934 | -9/Materials | Discovered new exit (range 12) 3996 | -9/Materials | Lost 4 parts (1n2u1w) 4416 | -9/Materials | Entered Mines 4434 | -9/Mines | Discovered new exit (range 14) 4469 | -9/Mines | Core integrity fell below 50% 4690 | -9/Mines | Learned Materials stockpile data 4723 | -9/Mines | Found a damaged Exp. Sensor Array with a note attached 4727 | -9/Mines | Found Prototype Device 4727 | -9/Mines | Identified Exp. Sensor Array 4773 | -9/Mines | Core integrity fell below 20% 5313 | -9/Mines | Received a Rocket Launcher from a helpful Derelict 5408 | -9/Mines | Discovered new exit (range 2) 5438 | -9/Mines | Destroyed by G-34 Mercenary with Small Laser Last Messages --------------- 05344_ U-05 Engineer builds a Wall. 05347_ System corrupted: Component data lost. 05348_ U-05 Engineer builds a Door. 05354_ Door malfunctions. 05355_ U-05 Engineer builds a Wall. 05363_ U-05 Engineer repairs door. 05377_ Door malfunctions. 05381_ U-05 Engineer repairs door. 05383_ System corrupted: Heat flow error (+130). 05399_ System corrupted: FCS attempts to trigger Lgt. EM Pulse Cannon. 05399_ System corrupted: Lgt. EM Pulse Cannon misfires. 05408_ EXIT=FOUND 05414_ G-34 Mercenary destroyed. 05431_ System corrupted: FCS attempts to trigger Imp. EM Shotgun. 05431_ System corrupted: Imp. EM Shotgun misfires. 05432_ Imp. EM Shotgun destroyed. 05435_ Heat Sink destroyed. 05437_ L-31 Rogue destroyed. 05437_ Lgt. EM Pulse Cannon destroyed. 05437_ Destroyed Lgt. EM Pulse Cannon. Map ----- +----------------------------------------------------+ | | | | | ???????????????????????????????????????? | | ???????????????????????????????????????? | | ???????????????????????????????????????? | | ???????????????????????????????????????? | | ???????????????????????????????????????? | | ???????????????????????????????????????? | | ???????????????????????????????????????? | | ???????????????????????????????????????? | | ???????????????????????????????????????? | | ???????????????????????????????????????? | | ???????????????????????????????????##??? | | ???????????????????????????????"???????# | | ?????????????????????????????????????##? | | ????????#??##???????????????????????#??? | | ????????# ## ##########?????????"??#???? | | ????????# ### # ??? ##?## | | ????????# !%[ ? #??## | | ????????????# < = ? ##?## | | ????????????# ## ##?#?############? | | ???????????## #? ##??#?##?###??##??# | | ??????????## #???##??????###?#?###### | | ??????????# ! #????#?????####?#??#?### | | ???????????# g% ##??#???###?###?######?# | | ???????????# @ ##??#????#########?#### | | ???????????# ###??????#?##?#######?# | | ???????????## # #?#???##?########?##?## | | ????##??????### #?##?################?# | | ???## ####????# #???## #########?###? | | ???# ###### #???# #### ####?### | | ???# / ## #??#?# # ###### | | ???# / ##?### | | ???# ## ###### [ ###### | | ???########## < ###?# [* ####### | | ????????????## ##### # =[########## | | ???######????## ##########=######### | | ??## ##????# #?#?############ | | ??# ####### ### #?#??#####??### | | ??# ##?## ### ###?######### | | ??## #### ### #?#? #?# | | ???# ### ## #??# ? ????# | | ???# #?### ##### #??#?""" ### | | ???# #???## #???# #??? ?"" ### | | ???# #????# ##???# ##?# ?"? | | ???# #????## #???## #??? ? ### | | ???# #?????## #???## ###?######?## | | ???# #??????# #????# ######???#??###### | | ???# #??????# #????# #??##?####??? | | ???# #??????# #????### ## #?#####??##?? | +----------------------------------------------------+ Best States ------------- Heat Dissipation 38 Energy Generation 10 Energy Capacity 250 Matter Stores 300 Matter Capacity 300 Sight Range 16 Robot Scan Range 14 Terrain Scan Range 16 Terrain Scan Density 110 Armor Coverage 150 Evasion (%) 55 Item Schematics ----------------- Lrg. Storage Unit | -9/Materials | Scanalyzed Robot Schematics ------------------ None Fabricated ------------ Nothing Alien Tech Used ----------------- None Achievements -------------- Dramatic Entrance Challenges ------------ None Game ------ Seed FlyingExperimentalBlaster Manual? 0 Play Time 00:36:05 Cumulative 65.2 hours Start 2025.03.09 @ 14:47:18 End 2025.03.09 @ 15:19:54 Sessions 1 Manual Loads 0 Difficulty Rogue Special Mode None Game No. 71 Rogue 71 Adventurer 0 Explorer 0 Win Type - Total 0 Types 0/0/0/0/0/0/0/0/0 Lore% 35 Gallery% 45 Achievement% 38 Wizard Run 0 Options --------- Layout 0 ASCII 0 Keyboard 1 Movement Numpad Keybinds 0 Fullscreen 1 Font 18/SmallcapsGlow Map View 76x50 Zoom Use 0% Tactical HUD 1 Map Filters NONE Filters NONE Steam 1 RUN: db9f1b7f-3e1f-4a94-a2ed-e4788be6b316